 Dungeon Crawl Stone Soup version coffee-0.2.0 (webtiles) character file.

Game seed: 6674359801783187869, levelgen mode: deterministic

23 Dorkslayer the Shield-Bearer (level 3, -3/29 HPs)
             Began as a Human Fighter on Sept 23, 2020.
             Was an Initiate of Okawaru.
             Killed from afar by a white imp (5 damage)
             ... with a puff of frost
             ... summoned by Natasha
             ... on level 2 of the Dungeon.
             The game lasted 00:02:24 (616 turns).

Dorkslayer the Shield-Bearer (Human Fighter)         Turns: 616, Time: 00:02:25

Health: -3/29      AC:  7    Str: 17    XL:     3   Next: 10%
Magic:  3/3        EV:  9    Int:  8    God:    Okawaru [......]
Gold:   35         SH:  9    Dex: 12    Spells: 2/2 levels left

rFire    . . .     SeeInvis .   a - +0 long sword
rCold    . . .     Gourm    .   c - +0 kite shield
rNeg     . . .     Faith    .   b - +0 scale mail
rPois    .         Spirit   .   (no helmet)
rElec    .         Reflect  .   (no cloak)
rCorr    .         Harm     .   (no gloves)
MR       .....                  (no boots)
Stlth    +.........             (no amulet)
HPRegen  0.09/turn              (no ring)
MPRegen  0.08/turn              (no ring)

@: mighty
A: no striking features
a: Renounce Religion


You were on level 2 of the Dungeon.
You worshipped Okawaru.
Okawaru was noncommittal.
You were not hungry.

You visited 2 branches of the dungeon, and saw 3 of its levels.

You collected 35 gold pieces.

Inventory:

Hand Weapons
 a - a +0 long sword (weapon)
Armour
 b - a +0 scale mail (worn)
 c - a +0 kite shield (worn)
Scrolls
 e - a scroll of amnesia
 h - 2 scrolls of remove curse
Comestibles
 f - 3 rations
 g - 4 chunks of flesh


   Skills:
 + Level 3.2(4.6) Fighting
 + Level 2.1 Long Blades
 + Level 3.3(4.6) Armour
 + Level 3.4(4.7) Shields


You had 2 spell levels left.
You didn't know any spells.
Your spell library was empty.

Dungeon Overview and Level Annotations

Branches:
Dungeon (2/10)             Temple (1/1) D:2

Altars:
Ashenzari
Cheibriados
Dithmenos
Kikubaaqudgha
Nemelex Xobeh
Okawaru
Sif Muna
Vehumet
Wu Jian
Yredelemnul

Annotations:
D:2 Natasha


Message History

Natasha claws you but does no damage.
The white imp shouts, "Give up, thou clouted ditch-delivered lout!"
You block the white imp's attack.
The frilled lizard bites you but does no damage.
You feel better. Natasha claws you. The white imp gestures at you.
The puff of frost misses you. The frilled lizard bites you.
You barely miss Natasha.
Natasha is heavily wounded.
Natasha casts a spell at you. The magic dart hits you!
* * * LOW HITPOINT WARNING * * *
The white imp gestures at you. The puff of frost hits you.
* * * LOW HITPOINT WARNING * * *
You block the frilled lizard's attack. Natasha claws you.
* * * LOW HITPOINT WARNING * * *
The white imp gestures at you. The puff of frost hits you.
You die...

. #..... ..$...☼ .
####..... .....
........# #...# .
........# #°○○# ..
........# #☼°☼# ..
........# #☼§§# ##.#
.......l#####...#####...
.....?h@................
##....5.........##......
#..............#.......
#...............#.......
#.......#.......#.......
#.......#.......#.......
#.....###.......#####..#
#..... ######### ##>#
#.#


You could see Natasha, a white imp and a frilled lizard.

Vanquished Creatures
  A leopard gecko (D:1)
  3 giant cockroaches (D:1)
  A goblin (D:1)
  3 hobgoblins
  2 kobolds (D:1)
  A ball python (D:2)
  5 bats (D:1)
  2 frilled lizards
  3 rats
21 creatures vanquished.

Notes
Turn   | Place    | Note
-------+----------+-------------------------------------------
     0 | D:1      | Dorkslayer the Human Fighter began the quest for the Orb.
     0 | D:1      | Reached XP level 1. HP: 18/18 MP: 1/1
   116 | D:1      | Reached XP level 2. HP: 24/24 MP: 2/2
   447 | D:2      | Reached XP level 3. HP: 29/29 MP: 3/3
   485 | D:2      | Found a staircase to the Ecumenical Temple.
   494 | Temple   | Entered the Ecumenical Temple
   535 | Temple   | Became a worshipper of Warmaster Okawaru
   603 | D:2      | Noticed Natasha
   616 | D:2      | Killed from afar by a white imp

Levels and vault maps discovered:
D:1:      dpeg_arrival_fog, layout_rooms
D:2:      layout_basic, minmay_temple_entry_statues_fountains, st_stairs_14,
          chequers_serial_rivers_large_b, serial_bayou_pond_a,
          lemuel_flame_loot_1, uniq_natasha
Temple:   eino_temple_lava

Action                   || total
-------------------------++-------
Melee: Long sword        ||    79
  Use: Potion            ||     2
Armor: Scale mail        ||    34
Dodge: Dodged            ||    46
Block: Kite shield       ||    48
       Rpst.: Long sword ||     8
